 Dungeon Crawl Stone Soup version 0.30.0-17-ge0270778cf (console) character file.

Game seed: 8066758150903507523

1682 knave8 the Insei (level 8, -1/60 (69) HPs)
             Began as a Yellow Draconian Transmuter on May 17, 2023.
             Was an Initiate of Wu Jian.
             Killed from afar by Maggie (18 damage)
             ... with a bolt of fire
             ... on level 6 of the Dungeon on May 22, 2023.
             The game lasted 01:07:25 (4338 turns).

knave8 the Insei (Yellow Draconian Transmuter)      Turns: 4338, Time: 01:07:28

HP:   -1/60 (69)    AC:  6    Str: 12    XL:     8   Next: 71%
MP:   15/16         EV: 12    Int: 16    God:    Wu Jian [......]
Gold: 316           SH:  0    Dex: 18    Spells: 6/16 levels left

rFire   . .          .
                       - Unarmed
rCold   . . .        (no shield)
rNeg    . . .        (body armour unavailable)
rPois   .            e - melded +2 hat
rElec   .            (no cloak)
rCorr   +            (no gloves)
SInv    .            (boots currently unavailable)
Will    .....        (no amulet)
Stlth   ++           q - +6 ring of dexterity
HPRegen 0.00/turn    (no ring)
MPRegen 0.15/turn

%: no passive effects
@: short of breath, appendages, mesmerised, inhibited regen, heavily drained
A: horns 2, talons 2, spit acid, AC +6, unfitting armour, cold-blooded, acid
resistance, high MP 1, inhibited regeneration
a: Breathe Acid, End Transformation, Renounce Religion


You were on level 6 of the Dungeon.
You worshipped Wu Jian.
Wu Jian was noncommittal.
You had temporarily grown beastly horns and talons.
You visited 1 branch of the dungeon, and saw 6 of its levels.

You collected 316 gold pieces.

Inventory:

Hand Weapons
 a - a +2 whip of venom
 b - a +0 short sword
 g - a +0 long sword
 h - a +0 quarterstaff
 i - a +0 flail
 l - a +0 flail
 r - a +4 short sword
 s - a +0 sling
 t - a +2 whip of flaming
 u - a +0 dire flail of protection
 y - a +0 morningstar
 z - a +0 scythe of protection
Missiles
 c - 3 boomerangs (quivered)
 d - 94 stones
 w - 2 javelins
Armour
 e - a +2 hat (melded)
Jewellery
 p - an amulet of faith
 q - a +6 ring of dexterity (left hand)
Scrolls
 v - 2 scrolls of poison
Potions
 j - 2 potions of attraction
 k - a potion of berserk rage {unknown}
 m - a potion of haste {unknown}
 n - a potion of resistance {unknown}
 o - a potion of mutation


   Skills:
 + Level 5.4 Fighting
 - Level 1.7 Dodging
 * Level 7.7 Unarmed Combat
 + Level 4.9 Spellcasting
 + Level 5.3 Transmutations


You had 6 spell levels left.
You knew the following spells:

 Your Spells              Type           Power      Damage    Failure   Level
a - Beastly Appendage     Tmut           42%        N/A       1%          1
b - Wereblood             Tmut           21%        N/A       2%          2
c - Spider Form           Tmut/Pois      12%        N/A       16%         3
d - Ice Form              Ice/Tmut       12%        N/A       45%         4

Your spell library contained the following spells:

 Spells                   Type           Power      Damage    Failure   Level
 Cigotuvi's Dreadful Rot  Necr/Pois/Air  6%         N/A       24%         2
 Ensorcelled Hibernation  Hex/Ice        6%         N/A       24%         2
 Petrify                  Tmut/Erth      12%        N/A       45%         4
 Anguish                  Hex/Necr       1%         N/A       83%         4
 Dispel Undead            Necr           3%         3d7       83%         4
 Metabolic Englaciation   Hex/Ice        1%         N/A       99%         5
 Death Channel            Necr           1%         N/A       100%        6
 Statue Form              Tmut/Erth      8%         N/A       100%        6


Dungeon Overview and Level Annotations

Branches:
Dungeon (6/15)
 Temple: D:4-7

Altars:
Ashenzari
Dithmenos
Kikubaaqudgha
Okawaru
Ru
Wu Jian

Annotations:
D:6 Maggie


Innate Abilities, Weirdness & Mutations

You have temporarily grown beastly horns and talons.
You can spit globs of acid.
Your golden yellow scales are hard. (AC +6)
You cannot fit into any form of body armour.
You are cold-blooded and may be slowed by cold attacks.
You are resistant to acid. (rCorr)
You have an increased reservoir of magic. (+10% MP)
You do not regenerate when monsters are visible.


Message History

Maggie attempts to bespell you! You resist with almost no effort.
Throw: 2 darts (poison)
Press: ? - help, Q - select action, (/) - cycle Shift-Dir - straight line, f/p - Maggie
Aim: Maggie, wielding a +1 scimitar of draining and wearing +0 steam dragon scales (lightly wounded, 63% to hit)
You throw a poisoned dart. The poisoned dart hits Maggie.
Maggie is lightly wounded.
Maggie misses you.
Throw: dart (poison)
Press: ? - help, Q - select action, (/) - cycle Shift-Dir - straight line, f/p - Maggie
Aim: Maggie, wielding a +1 scimitar of draining and wearing +0 steam dragon scales (lightly wounded, 63% to hit)
You throw a poisoned dart. The poisoned dart hits Maggie.
Maggie is lightly wounded.
Maggie hits you with a +1 scimitar of draining.
You feel drained.
You hit Maggie but do no damage. You claw Maggie.
Maggie is lightly wounded.
Maggie hits you with a +1 scimitar of draining.
You feel drained.
You hit Maggie but do no damage. You claw Maggie.
You tail-slap Maggie, but do no damage.
Maggie is moderately wounded.
Maggie hits you with a +1 scimitar of draining.
You feel drained.
You hit Maggie but do no damage. Your headbutt misses Maggie.
Maggie is moderately wounded.
Maggie hits you with a +1 scimitar of draining!
You feel drained.
* * * LOW HITPOINT WARNING * * *
It was a potion of mutation.
You feel extremely strange.
Your regeneration stops near monsters.
You feel more energetic.
Maggie mumbles some strange words.
Maggie attempts to bespell you!
You are mesmerised by Maggie!
Press: ? - help, Shift-Dir - straight line, f/p - Maggie
Aim: Maggie, wielding a +1 scimitar of draining and wearing +0 steam dragon scales (moderately wounded, mesmerising, 64% to hit)
You spit a glob of acid.
The glob of acid hits Maggie!
Maggie is heavily wounded.
Maggie gestures at you while chanting. The bolt of fire hits you!!
You die...

▒▒∙∙∙∙∙∙∙∙∙∙▒∙▒▒▒▒▒▒
▒∙∙∙∙∙∙∙∙∙∙∙▒∙∙∙∙∙∙∙
▒▒∙∙∙∙∙∙∙∙∙∙∙▒∙▒▒▒▒▒▒
▒▒∙∙∙∙∙∙∙∙∙∙∙∙▒∙▒
∙∙∙∙▒∙∙∙∙∙∙∙∙▒▒∙▒▒▒▒
▒▒▒∙∙∙∙∙∙∙∙∙∙∙∙∙∙∙∙∙
▒▒∙∙∙∙∙∙∙∙∙∙∙∙▒▒▒▒
▒∙∙∙∙∙∙∙∙∙∙▒▒▒
▒∙@∙∙∙∙∙∙∙∙∙∙∙∙∙▒
▒∙@∙∙∙∙∙∙∙∙∙▒▒▒∙∙▒
▒▒∙$∙∙∙∙∙∙∙∙∙∙[
∙∙∙∙∙∙∙∙∙▒∙▒▒▒▒
∙∙∙∙∙∙▒▒▒▒▒∙▒


∙∙∙∙∙∙∙∙ ∙∙∙ ∙∙∙∙(∙▒▒▒ ∙∙∙∙ ∙(▒▒▒▒∙▒ You could see Maggie (mesmerising).

Vanquished Creatures
  Pikel (D:4)
  Prince Ribbit (D:5)
  Sigmund (D:5)
  Edmund (D:4)
  Duvessa (D:5)
  An ice beast (D:5)
  A phantom (D:3)
  Blork the orc (D:4)
  Dowan (D:5)
  A hound (D:5)
  A sleepcap (D:6)
  2 iguanas
  2 orc wizards (D:6)
  Robin (D:4)
  9 adders
  A white imp (D:6)
  An ufetubus (D:5)
  A worm (D:3)
  8 dart slugs
  11 orcs
  5 endoplasms
  7 giant cockroaches
  15 goblins
  8 hobgoblins
  13 kobolds
  4 quokkas
  7 ball pythons
  2 bats
  4 rats
112 creatures vanquished.

Notes
Turn   | Place    | Note
-------+----------+-------------------------------------------
     0 | D:1      | knave8 the Draconian Transmuter began the quest for the
                  | Orb.
     0 | D:1      | Reached XP level 1. HP: 16/16 MP: 3/3
   202 | D:1      | Reached XP level 2. HP: 19/23 MP: 3/5
   205 | D:1      | Learned a level 2 spell: Wereblood
   874 | D:2      | Reached XP level 3. HP: 25/29 MP: 4/6
  1298 | D:3      | Upgraded the game from 0.30.0-13-g156ef70053 to
                  | 0.30.0-15-g856e2d3f33
  1458 | D:3      | Noticed a phantom
  1472 | D:3      | Killed a phantom
  1473 | D:3      | Reached skill level 4 in Unarmed Combat
  1473 | D:3      | Reached XP level 4. HP: 37/37 MP: 6/8
  1497 | D:3      | Learned a level 3 spell: Spider Form
  1568 | D:3      | Found a sacrificial altar of Ru.
  1582 | D:3      | Reached XP level 5. HP: 40/42 MP: 6/9
  1956 | D:4      | Noticed Blork the orc
  1956 | D:4      | Found an ancient bone altar of Kikubaaqudgha.
  2240 | D:5      | Entered Level 5 of the Dungeon
  2262 | D:5      | Noticed Sigmund
  2272 | D:4      | Noticed a lemure
  2272 | D:4      | Noticed a lemure
  2273 | D:4      | Noticed Pikel
  2276 | D:4      | Noticed a lemure
  2279 | D:4      | Noticed a lemure
  2287 | D:4      | Killed Pikel
  2288 | D:4      | Reached skill level 5 in Unarmed Combat
  2288 | D:4      | Reached XP level 6. HP: 33/52 MP: 7/11
  2288 | D:4      | Your scales start taking on a golden yellow colour.
  2288 | D:4      | Reached XP level 7. HP: 37/58 MP: 7/12
  2288 | D:4      | Gained mutation: You are resistant to acid. (rCorr) [Yellow
                  | Draconian growth]
  2306 | D:4      | Killed Blork the orc
  2354 | D:4      | Learned a level 4 spell: Ice Form
  2390 | D:4      | Reached skill level 6 in Unarmed Combat
  2451 | D:4      | Found an ancient bone altar of Kikubaaqudgha.
  2567 | D:4      | Noticed Robin
  2586 | D:4      | Killed Robin
  2653 | D:4      | Found a shadowy altar of Dithmenos.
  2893 | D:4      | Noticed Edmund
  2908 | D:4      | Killed Edmund
  3104 | D:5      | Killed Sigmund
  3105 | D:5      | Reached XP level 8. HP: 47/67 MP: 12/14
  3280 | D:5      | Noticed Duvessa
  3282 | D:5      | Noticed Dowan
  3300 | D:5      | Killed Duvessa
  3305 | D:5      | Killed Dowan
  3306 | D:5      | Reached skill level 7 in Unarmed Combat
  3507 | D:5      | Reached skill level 5 in Fighting
  3507 | D:5      | Reached skill level 5 in Transmutations
  3687 | D:5      | Found an ornate altar of the Wu Jian Council.
  3704 | D:5      | Became a worshipper of the Wu Jian Council
  3753 | D:5      | Found an iron altar of Okawaru.
  3798 | D:5      | Noticed Prince Ribbit
  3807 | D:5      | Killed Prince Ribbit
  3935 | D:5      | Upgraded the game from 0.30.0-15-g856e2d3f33 to
                  | 0.30.0-16-gbe6223bb7e
  4225 | D:6      | Found a broken altar of Ashenzari.
  4320 | D:6      | Noticed Maggie
  4322 | D:6      | Upgraded the game from 0.30.0-16-gbe6223bb7e to
                  | 0.30.0-17-ge0270778cf
  4337 | D:6      | Gained mutation: You do not regenerate when monsters are
                  | visible. [potion of mutation]
  4337 | D:6      | Gained mutation: You have an increased reservoir of magic.
                  | (+10% MP) [potion of mutation]
  4338 | D:6      | Killed from afar by Maggie

Illustrated notes

Levels and vault maps discovered:
D:1:      lemuel_arrival_river_ford, layout_rooms, hangedman_decor_push,
          hangedman_decor_clover_reticule
D:2:      layout_loops_ring, minmay_misc_feat_square,
          minmay_misc_feat_nine_boxes
D:3:      layout_basic, nicolae_ru_great_annihilating_truth
D:4:      kennysheep_slugbush, layout_cave_pools,
          nicolae_dithmenos_shadow_blocks, mainiacjoe_overflow_chevrons,
          serial_park, serial_park_tiny_2, serial_park_square3
          [serial_park_minivault_5x5_6], serial_park_square3
          [serial_park_minivault_5x5_4], serial_park_tiny_pond,
          uniq_blork_the_orc, uniq_pikel, uniq_edmund, uniq_robin
D:5:      layout_rooms, nicolae_wu_jian_immortal_techniques,
          okawaru_metal_pillars_1_2, cheibrodos_sewer_entry_drain,
          amcnicky_mini_corridor_feature, uniq_prince_ribbit1, uniq_duvessa,
          uniq_sigmund
D:6:      layout_rooms, nicolae_ashenzari_skybound,
          minmay_temple_entry_sparse_star, chequers_serial_rivers_micro_e,
          uniq_maggie

Skill      XL: |  1  2  3  4  5  6  7  8 |
---------------+-------------------------+-----
Fighting       | 2 3 4 5 |  5.4
Unarmed Combat | 4 5 6 7 |  7.7
Transmutations | 4 5 |  5.3
Spellcasting   | 3 4 |  4.9
Dodging        | |  1.7

Action                     |  1- 3 |  4- 6 |  7- 9 || total
---------------------------+-------+-------+-------++-------
  Melee: Unarmed           |    92 |    34 |   175 ||   301
         Kick              |    19 |     1 |    27 ||    47
         Tailslap          |    11 |     2 |    15 ||    28
         Headbutt          |     5 |     2 |    20 ||    27
         Punch             |     3 |     2 |     8 ||    13
         Whip              |       |     9 |       ||     9
  Throw: Dart              |       |     1 |    29 ||    30
         Stone             |       |       |     1 ||     1
         Javelin           |       |       |     1 ||     1
   Cast: Beastly Appendage |    15 |     4 |    18 ||    37
         Wereblood         |     1 |     1 |     2 ||     4
         Spider Form       |       |     1 |     3 ||     4
Ability: End Transformatio |     1 |       |     3 ||     4
         Breathe Acid      |       |       |     3 ||     3
    Use: Scroll            |     4 |       |     5 ||     9
         Potion            |     1 |     2 |     4 ||     7
   Stab: Distracted        |     1 |       |       ||     1
         Sleeping          |     1 |       |       ||     1
         Paralysed         |       |     1 |       ||     1
         Invisible         |       |     4 |       ||     4
 Armour: Skin              |    28 |    17 |    47 ||    92
  Dodge: Dodged            |    33 |    34 |    89 ||   156
